 Seeded DCSS version 0.27.1-16-g815e20cd7a (webtiles) character file.

Game seed: 20211118 (custom seed)

18 jessy the Skirmisher (level 2, -10/28 HPs)
             Began as a Naga Berserker on Nov 18, 2021.
             Was a Follower of Cheibriados.
             Mangled by a polar bear (23 damage)
             ... created by the rage of Trog
             ... on level 1 of the Dungeon on Nov 22, 2021.
             The game lasted 00:04:06 (1090 turns).

jessy the Skirmisher (Naga Berserker)               Turns: 1090, Time: 00:04:07

Health: -10/28     AC:  4    Str: 21    XL:     2   Next: 70%
Magic:  2/2        EV:  8    Int:  9    God:    Cheibriados [*.....]
Gold:   5          SH:  0    Dex: 12    Spells: 1/1 levels left

rFire    . . .     SeeInvis +   a - +0 mace
rCold    . . .     Faith    .   (no shield)
rNeg     . . .     Spirit   .   c - +0 scale mail
rPois    +         Reflect  .   (no helmet)
rElec    .         Harm     .   e - scarf {+Inv}
rCorr    .         Rampage  .   (no gloves)
Will     .....                  (no barding)
Stlth    ..........             d - amulet of magic regeneration
HPRegen  0.09/turn              (no ring)
MPRegen  0.33/turn              (no ring)

@: very slow
A: AC +0, large, see invisible, deformed body, poison resistance, slowness 2,
spit poison 1, naga tail 1
a: Spit Poison, Renounce Religion, Evoke Invisibility, Bend Time


You were on level 1 of the Dungeon.
You worshipped Cheibriados.
Cheibriados was aware of your devotion.
You visited 1 branch of the dungeon, and saw 1 of its levels.

You collected 5 gold pieces.

Inventory:

Hand Weapons
 a - a +0 mace (weapon)
Armour
 b - a +0 animal skin
 c - a +0 scale mail (worn)
 e - a scarf of invisibility (worn)
Jewellery
 d - an amulet of magic regeneration (around neck)
Scrolls
 f - a scroll of immolation
 g - a scroll of teleportation {unknown}


   Skills:
 + Level 3.4 Fighting
 + Level 3.3 Maces & Flails
 + Level 1.7 Armour
 + Level 1.7 Dodging


You had one spell level left.
You didn't know any spells.
Your spell library was empty.

Dungeon Overview and Level Annotations

Branches:
Dungeon (1/15)

Altars:
Cheibriados


Innate Abilities, Weirdness & Mutations

Your serpentine skin is tough. (AC +0)
You have supernaturally acute eyesight. (SInv)
Armour fits poorly on your strangely shaped body.
Your system is resistant to poisons. (rPois)
You cover ground very slowly.
You can spit poison.
You have a snake-like lower body.


Message History

The jackal barks!
You hit the endoplasm.
You kill the endoplasm!
Cheibriados thoroughly appreciates the change of pace.
You hear a shout!
The jackal barely misses you.
The jackal bites you but does no damage.
The jackal barely misses you. x2; The jackal completely misses you. x2
The jackal bites you but does no damage. x2
You hit the jackal.
The jackal is almost dead.
The jackal barely misses you. The jackal bites you.
The jackal barely misses you. The jackal bites you.
You hit the jackal.
You kill the jackal!
Cheibriados appreciates the change of pace.
The jackal bites you but does no damage. x2
The jackal barely misses you. The jackal bites you.
You see here a jackal corpse.
You hit the jackal.
The jackal is almost dead.
The jackal bites you but does no damage. x2
You hit the jackal.
You kill the jackal!
Cheibriados appreciates the change of pace.
Trog hurls fiery rage upon you!
The fireball explodes!
The fireball engulfs you!
Ouch! That really hurt!
* * * LOW HITPOINT WARNING * * *
You start resting.
Trog sends monsters to punish you. 2 polar bears and a black bear come into view.
The polar bear rages.
The black bear rages.
The polar bear rages.
The polar bear closely misses you.
The polar bear claws you but does no damage.
The polar bear barely misses you. The polar bear bites you!!
Ouch! That really hurt!
You die...

......#...# #........#
......#...# #........#
..........# #..!.....#
.....#....###........#
.....#...............####
.....#..................###
.....##..........h..>......
###.###......####h†.....###
....# #......##.@h#.....#
...## ##........###†....#
...# ##.....### #.....#
..## #....## #.....# ..#
##...# #.....# ..# #...#
####### ..# ##### ..# ..#


You could see 2 polar bears and a black bear (berserk).

Vanquished Creatures
  2 bats (D:1)
  2 endoplasms (D:1)
  A giant cockroach (D:1)
  A goblin (D:1)
  5 jackals (D:1)
  2 kobolds (D:1)
  2 frilled lizards (D:1)
15 creatures vanquished.

Notes
Turn   | Place    | Note
-------+----------+-------------------------------------------
     0 | D:1      | jessy the Naga Berserker began the quest for the Orb.
     0 | D:1      | Reached XP level 1. HP: 21/21 MP: 1/1
   287 | D:1      | Found a faded altar of an unknown god.
   339 | D:1      | Reached XP level 2. HP: 9/28 MP: 2/2
   898 | D:1      | Fell from the grace of Trog
   898 | D:1      | Became a worshipper of Cheibriados the Contemplative
   898 | D:1      | Reached * piety under Cheibriados
   906 | D:1      | Upgraded the game from 0.27.1-15-g792fb953b9 to
                  | 0.27.1-16-g815e20cd7a
  1087 | D:1      | Noticed a polar bear
  1087 | D:1      | Noticed a polar bear
  1087 | D:1      | Noticed a black bear
  1090 | D:1      | Mangled by a polar bear

Illustrated notes

Levels and vault maps discovered:
D:1:      dpeg_arrival_lava_temple_mockup, layout_basic,
          hellmonk_ecumenical_altar_blasted

Action                   || total
-------------------------++-------
Melee: Mace              ||    46
Armor: Scale mail        ||    41
Dodge: Dodged            ||    50
